 Dungeon Crawl Stone Soup version 0.31-a0-217-g58bb5d79cf (webtiles) character file.

Game seed: 16669927724240707483

924 Ijustatesigmund the Stinger (level 8, 0/50 HPs)
             Began as an Octopode Venom Mage on July 3, 2023.
             Was an Initiate of Vehumet.
             Slain by an ice beast (9 damage)
             ... on level 6 of the Dungeon.
             The game lasted 00:11:17 (7219 turns).

Ijustatesigmund the Stinger (Octopode Venom Mage)   Turns: 7219, Time: 00:11:18

Health: 0/50       AC:  1    Str:  8    XL:     8   Next: 10%
Magic:  14/14      EV: 18    Int: 19    God:    Vehumet [......]
Gold:   267        SH:  0    Dex: 12    Spells: 5/15 levels left

rFire   . . .        b - +1 hand axe (vamp)
rCold   . . .        (no shield)
rNeg    . . .        (helmet restricted)
rPois   .            (no amulet)
rElec   .            m - +5 ring of evasion
rCorr   .            (no ring)
SInv    .            (no ring)
Will    .....        (no ring)
Stlth   +++          (no ring)
HPRegen 0.28/turn    (no ring)
MPRegen 0.14/turn    (no ring)
                     (no ring)

%: no passive effects
@: no status effects
A: almost no armour, amphibious, 8 rings, camouflage 1, gelatinous body 1,
(nimble swimmer 1), tentacles
a: Renounce Religion


You were on level 6 of the Dungeon.
You worshipped Vehumet.
Vehumet was noncommittal.
You visited 2 branches of the dungeon, and saw 7 of its levels.

You collected 267 gold pieces.

Inventory:

Hand Weapons
 b - a +1 vampiric hand axe (weapon)
Missiles
 a - 2 throwing nets
 k - 3 curare-tipped darts (quivered)
Jewellery
 m - a +5 ring of evasion (left tentacle)
Wands
 c - a wand of polymorph (5)
 j - a wand of charming (4)
Scrolls
 d - a scroll of revelation
 e - 2 scrolls of fog
 f - 3 scrolls of poison
 g - 6 scrolls of teleportation
 p - a scroll of amnesia
Potions
 h - 2 potions of invisibility {unknown}
 i - a potion of attraction
 l - a potion of lignification


   Skills:
 - Level 2.1 Fighting
 - Level 2.0 Axes
 - Level 2.0 Dodging
 - Level 2.6 Stealth
 + Level 4.3 Spellcasting
 + Level 3.6 Conjurations
 - Level 1.0 Transmutations
 + Level 3.7 Air Magic
 + Level 6.2 Poison Magic


You had 5 spell levels left.
You knew the following spells:

 Your Spells              Type           Power      Damage    Failure   Level
a - Sting                 Tmut/Pois      68%        1d6       3%          1
b - Poisonous Vapours     Pois/Air       46%        N/A       2%          2
c - Mephitic Cloud        Conj/Pois/Air  21%        N/A       6%          3
d - Olgreb's Toxic Radia  Pois           28%        N/A       10%         4

Your spell library contained the following spells:

 Spells                   Type           Power      Damage    Failure   Level
 Necrotise                Necr           16%        1d4       13%         1
 Vampiric Draining        Necr           4%         2d6       36%         3
 Agony                    Necr           4%         N/A       98%         5


Dungeon Overview and Level Annotations

Branches:
Dungeon (6/15)             Temple (1/1) D:5

Altars:
Ashenzari
Cheibriados
Dithmenos
Elyvilon
Fedhas
Gozag
Makhleb
Nemelex Xobeh
Okawaru
Qazlal
Sif Muna
Trog
Uskayaw
Vehumet
Wu Jian
Xom
Yredelemnul
Zin

Shops:
D:4 :   D:5 *


Innate Abilities, Weirdness & Mutations

You cannot wear most types of armour.
You are amphibious.
You can wear up to eight rings at the same time.
Your skin changes colour to match your surroundings (Stealth+).
Your rubbery body absorbs attacks. (AC +1, EV +1)
((You are camouflaged when in or above water. (Stealth+)))
You have tentacles for arms and can constrict up to eight enemies at once.


Message History

You squeeze the ice beast, but do no damage.
The ice beast is severely wounded.
The ice beast misses you.
You closely miss the ice beast.
The ice beast is severely wounded.
The ice beast closely misses you. The ice beast barely misses you.
You hit the ice beast.
You feel better.
The ice beast is almost dead.
The ice beast misses you.
You hit the ice beast but do no damage.
The ice beast is almost dead.
The ice beast hits you. The ice beast freezes you!
You are too injured to fight recklessly!
You are too injured to fight recklessly!
You are too injured to fight recklessly!
You are too injured to fight recklessly!
You are too injured to fight recklessly!
You are too injured to fight recklessly!
You are too injured to fight recklessly!
You are too injured to fight recklessly!
You are too injured to fight recklessly!
You are too injured to fight recklessly!
You are too injured to fight recklessly!
You are too injured to fight recklessly!
You are too injured to fight recklessly!
You are too injured to fight recklessly!
You are too injured to fight recklessly!
You hit the ice beast but do no damage.
The ice beast is almost dead.
The ice beast hits you. The ice beast freezes you!
* * * LOW HITPOINT WARNING * * *
You hit the ice beast but do no damage.
The ice beast is almost dead.
The ice beast barely misses you.
You closely miss the ice beast.
The ice beast is almost dead.
The ice beast barely misses you. The ice beast hits you.
* * * LOW HITPOINT WARNING * * *
The ice beast freezes you!
You die...

#...............
...
#.......###.#.##..#
#..............#..#
#.....[.###.......#
######### #.##.#.##
#......#
########.###
#........#
#@######## #..Y#
..#.#.# #.....#.#
#.#. ### # .. .. #
##


You could see an ice beast.

Vanquished Creatures
  An ice beast (D:4)
  A black bear (D:6)
  A phantom (D:5)
  A gnoll sergeant (D:4)
  3 hounds
  A jelly (D:5)
  A gnoll bouda (D:4)
  3 iguanas
  Natasha (thrice) (D:3)
  Robin (D:2)
  8 gnolls (D:4)
  9 adders
  A shadow imp (D:5)
  2 ufetubi
  4 worms
  3 dart slugs
  5 orcs
  7 endoplasms
  7 giant cockroaches
  11 goblins
  9 hobgoblins
  8 jackals
  5 quokkas
  7 ball pythons
  6 bats
  6 frilled lizards
  5 kobolds
  6 rats
125 creatures vanquished.

Notes
Turn   | Place    | Note
-------+----------+-------------------------------------------
     0 | D:1      | Ijustatesigmund the Octopode Venom Mage began the quest for
                  | the Orb.
     0 | D:1      | Reached XP level 1. HP: 11/11 MP: 3/3
   251 | D:1      | Reached XP level 2. HP: 18/18 MP: 3/5
   446 | D:1      | Found a faded altar of an unknown god.
   518 | D:1      | Reached skill level 1 in Fighting
   521 | D:1      | Learned a level 2 spell: Poisonous Vapours
   538 | D:1      | Reached skill level 4 in Poison Magic
   609 | D:1      | Reached XP level 3. HP: 22/23 MP: 1/6
   690 | D:1      | Learned a level 3 spell: Mephitic Cloud
  1531 | D:2      | Reached skill level 1 in Air Magic
  1531 | D:2      | Reached XP level 4. HP: 19/28 MP: 5/7
  1766 | D:2      | Noticed Robin
  1784 | D:2      | Reached skill level 1 in Conjurations
  1800 | D:3      | Noticed Natasha
  1809 | D:3      | Killed Natasha
  2066 | D:2      | Reached XP level 5. HP: 34/34 MP: 4/9
  2247 | D:2      | Killed Robin
  2326 | D:3      | Noticed Natasha
  2332 | D:3      | Killed Natasha
  2816 | D:3      | Noticed Natasha
  2839 | D:3      | Killed Natasha
  3823 | D:4      | Reached XP level 6. HP: 31/39 MP: 10/10
  3828 | D:4      | Learned a level 4 spell: Olgreb's Toxic Radiance
  3930 | D:4      | Noticed an ice beast
  3942 | D:4      | Killed an ice beast
  3943 | D:4      | Reached skill level 1 in Axes
  3943 | D:4      | Reached skill level 5 in Poison Magic
  4065 | D:4      | Found Yghumaot's Self-Improvement Boutique.
  4453 | D:4      | Reached XP level 7. HP: 45/45 MP: 6/12
  5810 | D:5      | Entered Level 5 of the Dungeon
  6123 | D:5      | Found a staircase to the Ecumenical Temple.
  6145 | Temple   | Entered the Ecumenical Temple
  6271 | Temple   | Became a worshipper of Vehumet
  6381 | D:5      | Found Zin's Purification Station.
  6384 | D:5      | Found a glowing silver altar of Zin.
  6564 | D:5      | Reached skill level 6 in Poison Magic
  7131 | D:6      | Reached XP level 8. HP: 41/50 MP: 8/14
  7219 | D:6      | Slain by an ice beast

Illustrated notes

Levels and vault maps discovered:
D:1:      wheals_arrival_linesprint, layout_loops_cross,
          hellmonk_ecumenical_altar_heavens_door
D:2:      layout_rooms, minmay_misc_feat_ornament, uniq_robin
D:3:      layout_basic, serial_glass, glass_columns_a, glass_columns_b,
          uniq_natasha
D:4:      layout_gridville, nicolae_shop_self_help
D:5:      layout_gridville, zin_purify, temple_fountains,
          kennysheep_pointless_box
D:6:      layout_loops_cross
Temple:   nicolae_temple_bog_church

Skill      XL: |  1  2  3  4  5  6  7 |
---------------+----------------------+-----
Fighting       | 1 2 |  2.1
Poison Magic   | 4 5 6 |  6.2
Air Magic      | 1 2 3 |  3.7
Conjurations   | 1 2 3 |  3.6
Spellcasting   | 3 4 |  4.3
Axes           | 1 2 |  2.0
Dodging        | |  2.0
Stealth        | |  2.6
Transmutations | |  1.0

Action                     |  1- 3 |  4- 6 |  7- 9 || total
---------------------------+-------+-------+-------++-------
  Melee: Unarmed           |     5 |       |       ||     5
         Constrict         |    16 |    29 |    15 ||    60
         Short sword       |    57 |       |       ||    57
         Tentacles         |    13 |    33 |    18 ||    64
         Punch             |     2 |     2 |     1 ||     5
         Hand axe          |       |   124 |   109 ||   233
  Throw: Dart              |       |     1 |       ||     1
   Cast: Sting             |    12 |     5 |     2 ||    19
         Poisonous Vapours |    10 |    50 |    26 ||    86
         Mephitic Cloud    |       |     4 |     3 ||     7
         Olgreb's Toxic Ra |       |       |     1 ||     1
    Use: Scroll            |       |     7 |     7 ||    14
         Potion            |       |     3 |     1 ||     4
   Stab: Sleeping          |     2 |     6 |       ||     8
         Confused          |       |       |     1 ||     1
 Armour: Skin              |     6 |     9 |    24 ||    39
  Dodge: Dodged            |    40 |    88 |   102 ||   230

Table legend: (Time is in decaauts)
 A = Elapsed time spent in this place.
 B = Non-inter-level travel time spent in this place.
 C = Inter-level travel time spent in this place.
 D = Time resting spent in this place.
 E = Time spent auto-exploring this place.
 F = Levels seen in this place.
 G = Mean time per level.
                   A        B        C        D        E       F      G
               +--------+--------+--------+--------+--------+-----+--------+
         Total |   7274 |   6988 |    286 |   1878 |   4153 |   7 | 1039.1 |
       Dungeon |   7123 |   6862 |    261 |   1878 |   4046 |   6 | 1187.2 |
        Temple |    150 |    126 |     24 |      0 |    107 |   1 |  150.0 |
               +--------+--------+--------+--------+--------+-----+--------+

Top non-repeatable levels by time:
     D:4: 2132 daAuts
     D:3: 1513 daAuts
     D:1: 1204 daAuts
     D:5: 1160 daAuts
     D:2: 998 daAuts
  Temple: 150 daAuts
     D:6: 114 daAuts
